 Dungeon Crawl Stone Soup version 0.14-a0-2964-g8dc6adb (webtiles) character file.

33575 4tharraofdagon the Cleaver (level 13, -4/127 HPs)
             Began as a Troll Fighter on Mar 5, 2014.
             Was a High Priest of Zin.
             Slain by a death yak (29 damage)
             ... on Level 8 of the Lair of Beasts.
             The game lasted 00:53:38 (8237 turns).

4tharraofdagon the Cleaver (Troll Fighter)          Turns: 8237, Time: 00:53:38

HP  -4/127       AC  7     Str 29      XL: 13   Next: 34%
MP  21/21        EV 14     Int 12      God: Zin [*****.]
Gold 654         SH 18     Dex  9      Spells:  0 memorised, 12 levels left

rFire  . . .     SeeInvis .     o - +2,+7 war axe "Jellyslayer" {chop, Int+2}
rCold  + . .     Clarity  .     C - +2 robe {rC+}
rNeg   . . .     Conserve .     c - +0 shield
rPois  .         rCorr    .     (helmet restricted)
rElec  .         rRot     .     v - +0 cloak
SustAb . .       Spirit   .     (gloves unavailable)
rMut   .         Warding  .     (boots unavailable)
Gourm  +         Stasis   .     (no amulet)
MR     +....                    i - ring of Pheduliulu {Int+4 Dam+3}
                                r - +5 ring of evasion

@: about to teleport, somewhat resistant to hostile enchantments, unstealthy
A: unfitting armour, claws 3, blink 1, deformed body, fast metabolism 3,
gourmand, magic resistance 1, regeneration 2, saprovore 2, shaggy fur 1, tough
skin 2
a: Blink, Recite, Vitalisation, Imprison, Sanctuary, Renounce Religion


You were on level 8 of the Lair of Beasts.
You worshipped Zin.
Zin was extremely pleased with you.
You were full.

You visited 2 branches of the dungeon, and saw 20 of its levels.

You collected 859 gold pieces.
You spent 120 gold pieces at shops.
You donated 85 gold pieces.

Inventory:

Hand weapons
 o - the +2,+7 war axe "Jellyslayer" (weapon) {chop, Int+2}
   (You found it on level 9 of the Dungeon)

   It inflicts extra damage upon your enemies.
   It affects your intelligence (+2).
 I - the +10,+3 battleaxe of Urgency {vamp, rC+}
   (You found it on level 7 of the Lair of Beasts)

   It inflicts no extra harm, but heals its wielder somewhat when it strikes a
   living foe.
   It protects you from cold.
   Zin opposes the use of such an evil item.
Missiles
 f - a throwing net (quivered)
Armour
 c - a +0 shield (worn)
 v - a +0 cloak (worn)
 C - a +2 robe of cold resistance (worn)
Magical devices
 g - a wand of hasting (8)
 k - a wand of disintegration (18)
 q - a wand of disintegration (12)
 s - a wand of slowing (0)
 x - a wand of cold (0)
 K - a wand of slowing (13)
 P - a wand of teleportation (4)
 U - a wand of lightning (1)
Comestibles
 a - 5 meat rations
 n - 8 bread rations
 W - 10 lemons
Scrolls
 e - 3 scrolls of remove curse
 j - a scroll of fog
 m - 2 scrolls of enchant weapon II
 p - 2 scrolls of enchant armour
 w - a scroll of enchant weapon III
 y - 6 scrolls of amnesia
 A - 4 scrolls of magic mapping
 D - a scroll of enchant weapon I
 S - a scroll of teleportation
Jewellery
 d - an uncursed ring of ice
 i - the ring of Pheduliulu (right claw) {Int+4 Dam+3}
   (You found it on level 12 of the Dungeon)

   [ring of intelligence]

   It affects your intelligence (+4).
   It affects your damage with ranged weapons and melee attacks (+3).
 r - a +5 ring of evasion (left claw)
 u - an uncursed ring of sustain abilities {unknown}
 B - a +5 ring of dexterity
 G - an uncursed amulet of the gourmand
 J - an uncursed ring of see invisible
 M - an uncursed ring of fire
 Y - an uncursed ring of poison resistance
Potions
 b - a potion of speed
 t - 5 potions of heal wounds
 z - a potion of confusion {unknown}
 E - a potion of flight
 F - 2 potions of invisibility {unknown}
 L - 2 potions of might
 N - 2 potions of restore abilities
 Q - 2 potions of brilliance
 R - a potion of cure mutation
 T - 7 potions of curing
 V - 2 potions of agility
 Z - a potion of magic
Books
 h - a book of the Tempests

   Spells                             Type                      Level
   Static Discharge                   Conjuration/Air              3
   Lightning Bolt                     Conjuration/Air              5
   Fireball                           Conjuration/Fire             5
   Tornado                            Air                          9
   Shatter                            Earth                        9
Miscellaneous
 H - a plain deck of dungeons {Water}
 O - a stone of tremors
 X - a plain deck of defence {Battlelust}


   Skills:
 + Level 8.1 Fighting
 * Level 12.9 Axes
   Level 8.9 Maces & Flails
 - Level 6.1 Dodging
 - Level 2.4 Shields
 - Level 3.2 Unarmed Combat
 + Level 8.0 Invocations
 + Level 5.3 Evocations


You had 12 spell levels left.
You didn't know any spells.

Dungeon Overview and Level Annotations

Branches:
Dungeon (12/16)            Temple (0/1) D:7            Lair (8/8) D:8
  Slime (0/6) Lair:7
    Orc: D:9-12       Swamp: Lair:3-6    Shoals: Lair:3-6     Snake: Lair:3-6
 Spider: Lair:3-6

Altars:
Ashenzari
Nemelex Xobeh
Xom
Zin
The Shining One
Jiyva

Shops:
D:8 !

Annotations:
D:12 Nessos
Lair:7 exclusion: upstairs


Innate Abilities, Weirdness & Mutations

You are too large for most types of armour.
You have claws for hands.
Your metabolism is lightning-fast.
You like to eat raw meat.
You heal very quickly.
You can eat rotten meat.
You are covered in fur (AC +1).
You have very tough skin (AC +2).
You can translocate small distances at will.
Armour fits poorly on your strangely shaped body.
You are resistant to hostile enchantments.


Message History

The death yak closely misses you.
The death yak gores you but does no damage.
Unknown command.
Read which item? (? for menu, Esc to quit)
Okay, then.
The death yak gores you.
* * * LOW HITPOINT WARNING * * *
The death yak barely misses you.
Unknown command.
Unknown command.
Unknown command.
Unknown command.
The death yak bellows!
Unknown command.
Read which item? (? for menu, Esc to quit)
Okay, then.
Read which item? (? for menu, Esc to quit)
As you read the scroll of teleportation, it crumbles to dust.
You feel strangely unstable. The death yak gores you!
You die...

##P...# #.....%## ##...# #####
###......###....#
###......8...#....#
#######....8.............
#.#...........8........!. ##
#........8..............< ..###
###P........Y....8........
....####.#........P#.............
....f.###.......@.###...P.##.P...
#.....##.......Y####.....#.##....
...............YY# #.fY..## #....
.................####.....##.....
...............#..# #.....#...##.
.................####........##
................####..........###
......%............#.............
.................................


You could see 3 death yaks.

Vanquished Creatures
  Harold (D:11)
  Erica (D:10)
  12 death yaks
  2 catoblepae (Lair:8)
  A hill giant (D:11)
  The ghost of 4tharraofdagon the Basher, an experienced OgBe of Trog (D:6)
  6 black mambas
  7 spiny frogs
  2 fire drakes
  2 komodo dragons
  A spriggan (D:7)
  2 basilisks
  A two-headed ogre (D:9)
  10 blink frogs
  37 yaks
  A hill giant skeleton (D:9)
  4 hippogriffs
  15 wolves
  A steam dragon (D:7)
  9 porcupines
  A black bear (D:7)
  A phantom (D:8)
  A yellow wasp (D:9)
  3 sky beasts
  An ogre (D:8)
  A boring beetle (Lair:8)
  4 centaurs
  An ice beast (D:9)
  7 crocodiles
  Sigmund (D:7)
  Duvessa (D:8)
  7 water moccasins
  5 giant slugs
  A big kobold (D:11)
  6 giant frogs
  A cyclops skeleton (D:10)
  8 killer bees
  3 wights (D:6)
  A quasit (D:5)
  4 crimson imps
  An electric eel (Lair:4)
  Dowan (D:8)
  A goliath beetle (D:8)
  6 hounds
  3 scorpions
  A jelly (D:10)
  An orc priest (D:8)
  A two-headed ogre skeleton (D:8)
  8 iguanas
  27 sheep
  10 worker ants
  10 orc wizards
  2 hound skeletons (D:6)
  13 adders
  A gnoll (D:9)
  27 green rats
  A giant mite (D:5)
  A worm (D:8)
  An adder skeleton (D:4)
  A giant eyeball (D:10)
  An orc skeleton (D:9)
  4 giant geckos
  30 orcs
  8 bats
  7 giant cockroaches
  7 hobgoblins
  15 jackals
  9 quokkas
  A ball python (D:1)
  A giant gecko zombie (D:5)
  3 giant newts
  2 goblins
  A goblin zombie (D:5)
  9 kobolds
  6 rats
  A butterfly (Lair:4)
  6 fungi
  2 plants
404 creatures vanquished.

Vanquished Creatures (collateral kills)
  Joseph (D:12)
1 creature vanquished.

Vanquished Creatures (others)
  2 orc warriors (D:12)
  2 killer bees (D:12)
  2 orcs
  2 plants (D:8)
8 creatures vanquished.

Grand Total: 413 creatures vanquished

Notes
Turn   | Place    | Note
--------------------------------------------------------------
     0 | D:1      | 4tharraofdagon, the Troll Fighter, began the quest for the Orb.
     0 | D:1      | Reached XP level 1. HP: 22/22 MP: 1/1
    55 | D:1      | Reached XP level 2. HP: 27/29 MP: 1/1
   174 | D:2      | Found a glowing silver altar of Zin.
   178 | D:2      | Became a worshipper of Zin the Law-Giver
   220 | D:3      | Reached XP level 3. HP: 34/36 MP: 2/2
   239 | D:3      | Reached skill level 3 in Unarmed Combat
   391 | D:3      | Reached XP level 4. HP: 29/45 MP: 2/2
   501 | D:4      | Reached skill level 1 in Invocations
   510 | D:4      | Reached XP level 5. HP: 31/53 MP: 2/2
   590 | D:5      | Entered Level 5 of the Dungeon
   661 | D:5      | Reached skill level 1 in Maces & Flails
   743 | D:4      | Reached XP level 6. HP: 48/61 MP: 4/4
   788 | D:4      | Acquired Zin's first power
   863 | D:5      | Noticed a centaur
   878 | D:5      | Killed a centaur
  1061 | D:6      | Reached XP level 7. HP: 52/68 MP: 5/5
  1075 | D:6      | Reached skill level 4 in Dodging
  1104 | D:6      | Noticed 4tharraofdagon's ghost (experienced OgBe)
  1296 | D:6      | Killed 4tharraofdagon's ghost
  1296 | D:6      | Reached XP level 8. HP: 22/79 MP: 5/8
  1475 | D:7      | Noticed a spriggan baker
  1479 | D:7      | Killed a spriggan baker
  1479 | D:7      | Reached skill level 5 in Maces & Flails
  1615 | D:7      | :D
  1636 | D:7      | Found a staircase to the Ecumenical Temple.
  1639 | D:7      | Noticed Sigmund
  1662 | D:7      | ty
  1687 | D:7      | Killed Sigmund
  1687 | D:7      | Reached skill level 5 in Dodging
  1794 | D:7      | Found a shattered altar of Ashenzari.
  1813 | D:7      | Reached skill level 5 in Fighting
  2031 | D:8      | Reached XP level 9. HP: 31/88 MP: 11/11
  2054 | D:8      | Reached skill level 6 in Maces & Flails
  2201 | D:8      | Found a staircase to the Lair.
  2286 | D:8      | Reached skill level 5 in Invocations
  2293 | D:8      | Reached skill level 7 in Maces & Flails
  2423 | D:8      | Found Ajix's Distillery.
  2440 | D:8      | Bought a potion of heal wounds for 36 gold pieces
  2440 | D:8      | Bought a potion of speed for 84 gold pieces
  2450 | D:8      | Reached XP level 10. HP: 98/98 MP: 13/13
  2518 | D:8      | Found a glowing golden altar of the Shining One.
  2536 | D:8      | Reached skill level 8 in Maces & Flails
  2864 | D:8      | Noticed Duvessa
  2865 | D:8      | Noticed Dowan
  2955 | D:9      | Got a blackened war axe
  2956 | D:9      | Identified the +2,+7 war axe "Jellyslayer" {chop, Int+2} (You found it on level 9 of the Dungeon)
  2997 | D:9      | Reached skill level 1 in Axes
  3018 | D:9      | Found a sparkling altar of Nemelex Xobeh.
  3224 | D:10     | Entered Level 10 of the Dungeon
  3272 | D:10     | Acquired Zin's second power
  3346 | D:11     | Gained mutation: Armour fits poorly on your strangely shaped body. [mutagenic meat]
  3347 | D:11     | Gained mutation: You can translocate small distances at will. [mutagenic meat]
  3348 | D:11     | Gained mutation: You are resistant to hostile enchantments. [mutagenic meat]
  3349 | D:11     | :(
  3367 | D:11     | Noticed Harold
  3522 | D:11     | Killed Harold
  3560 | D:11     | Noticed a hill giant
  3567 | D:11     | Killed a hill giant
  3793 | D:11     | :(
  3873 | D:12     | Noticed Joseph
  3900 | D:12     | Killed Joseph
  3921 | D:12     | Noticed Nessos
  3927 | D:12     | Got a scintillating pewter ring
  4044 | D:10     | Noticed Erica
  4061 | D:10     | Killed Erica
  4061 | D:10     | Reached skill level 9 in Axes
  4061 | D:10     | Reached XP level 11. HP: 28/105 MP: 14/14
  4430 | D:10     | Paralysed by a giant eyeball for 3 turns
  4449 | D:10     | Paralysed by a giant eyeball for 2 turns
  4628 | D:9      | Found a shimmering altar of Xom.
  4655 | D:9      | pidge destroyed-acq?
  4714 | D:8      | Killed Duvessa
  4740 | D:8      | Killed Dowan
  4770 | Lair:1   | Entered Level 1 of the Lair of Beasts
  4814 | Lair:1   | Found a glowing golden altar of the Shining One.
  4824 | Lair:1   | Identified the ring of Pheduliulu {Int+4 Dam+3} (You found it on level 12 of the Dungeon)
  4829 | Lair:1   | Reached skill level 10 in Axes
  5301 | Lair:3   | Noticed a death yak
  5332 | Lair:3   | Killed a death yak
  5332 | Lair:3   | Reached skill level 1 in Evocations
  5395 | Lair:3   | Noticed a death yak
  5397 | Lair:3   | Noticed a death yak
  5397 | Lair:3   | Noticed a death yak
  5417 | Lair:3   | Killed a death yak
  5417 | Lair:3   | Reached skill level 11 in Axes
  5420 | Lair:3   | Killed a death yak
  5426 | Lair:3   | Killed a death yak
  5715 | Lair:4   | Reached XP level 12. HP: 105/115 MP: 18/18
  5819 | Lair:4   | HP: 4/115 [hippogriff (7)]
  6170 | Lair:5   | Acquired Zin's third power
  6435 | Lair:6   | Reached skill level 12 in Axes
  6584 | Lair:7   | Noticed a five-headed hydra
  6656 | Lair:7   | Got an encrusted battleaxe
  6664 | Lair:7   | Identified the +10,+3 battleaxe of Urgency {vamp, rC+} (You found it on level 7 of the Lair of Beasts)
  6670 | Lair:7   | :(
  6679 | Lair:7   | Found a viscous altar of Jiyva.
  6680 | Lair:7   | Found a staircase to the Slime Pits.
  6996 | Lair:7   | Acquired Zin's fourth power
  7075 | Lair:8   | Entered Level 8 of the Lair of Beasts
  7493 | Lair:8   | Reached XP level 13. HP: 42/127 MP: 20/20
  7780 | Lair:8   | Reached skill level 5 in Evocations
  8237 | Lair:8   | Slain by a death yak

Action                   |  1- 3 |  4- 6 |  7- 9 | 10-12 | 13-15 || total
-------------------------+-------+-------+-------+-------+-------++-------
Melee: Unarmed           |    66 |   119 |   292 |    80 |       ||   557
       Whip              |       |    18 |       |       |       ||    18
       War axe           |       |       |       |   698 |   133 ||   831
       Giant spiked club |       |       |       |    38 |       ||    38
Throw: Throwing net      |       |     2 |       |     3 |       ||     5
Invok: Recite            |       |       |     1 |       |       ||     1
       Vitalisation      |       |       |       |     7 |       ||     7
Evoke: Wand              |       |       |    13 |    18 |     2 ||    33
  Use: Potion            |     2 |       |     3 |     6 |       ||    11
       Scroll            |       |       |     5 |    23 |     3 ||    31
 Stab: Distracted        |     1 |       |       |       |     1 ||     2
       Sleeping          |       |       |       |     1 |       ||     1
